 Dungeon Crawl Stone Soup version 0.22-a0-181-gb22368a (webtiles) character file.

317 Amnesiac the Digger (level 6, -2/41 HPs)
             Began as a Mummy Earth Elementalist on Feb 14, 2018.
             Slain by an ogre
             ... wielding a cursed -1 giant club
              (28 damage)
             ... on level 4 of the Dungeon.
             The game lasted 00:03:51 (3981 turns).

Amnesiac the Digger (Mummy Earth Elementalist)      Turns: 3981, Time: 00:03:51

Health: -2/41      AC:  5    Str: 11    XL:     6   Next: 20%
Magic:  11/13      EV: 12    Int: 16    God:
Gold:   98         SH:  0    Dex: 13    Spells: 5/15 levels left

rFire    x . .     SeeInvis .   n - +3 quarterstaff (chaos)
rCold    + . .     Gourm    .   (shield currently unavailable)
rNeg     + + +     Faith    .   c - +0 robe
rPois    ∞         Spirit   .   i - +0 helmet
rElec    .         Reflect  .   m - +0 cloak
rCorr    .         Harm     .   l - +0 pair of gloves
MR       .....                  (no boots)
Stlth    ++........             (no amulet)
HPRegen  0.13/turn              (no ring)
MPRegen  0.13/turn              (no ring)

@: no status effects
A: no food or potions, fire vulnerability, cold resistance 1, negative energy
resistance 3, torment resistance, unbreathing
a: no special abilities


You were on level 4 of the Dungeon.
You were not hungry.

You visited 1 branch of the dungeon, and saw 4 of its levels.

You collected 98 gold pieces.

Inventory:

Hand Weapons
 a - a +0 dagger
 h - a +0 hunting sling
 n - a +3 quarterstaff of chaos (weapon)
 q - a +1 trident of piercing
Missiles
 b - 85 stones (quivered)
 k - 11 poisoned needles
Armour
 c - a +0 robe (worn)
 i - a +0 helmet (worn)
 l - a +0 pair of gloves (worn)
 m - a +0 cloak (worn)
 p - a +0 shield
Wands
 j - a wand of paralysis (17)
Scrolls
 e - a scroll of noise {!r, unknown}
 f - 4 scrolls of identify {!r, unknown}
 g - a scroll of immolation {!r, unknown}
 o - a scroll of teleportation {!r, unknown}
 r - a scroll of amnesia {!r, unknown}
Books
 d - a book of Geomancy

   Spells                             Type                      Level
   a - Sandblast                      Earth                        1
   b - Passwall                       Transmutation/Earth          2
   c - Stone Arrow                    Conjuration/Earth            3
   d - Petrify                        Transmutation/Earth          4
   e - Lee's Rapid Deconstruction     Earth                        5


   Skills:
 - Level 1.5 Dodging
 - Level 1.5 Stealth
 + Level 5.0 Spellcasting
 - Level 0.7 Transmutations
 * Level 5.0 Earth Magic


You had 5 spell levels left.
You knew the following spells:

 Your Spells              Type           Power        Failure   Level  Hunger
a - Sandblast             Erth           ###...       1%          1    N/A
b - Passwall              Tmut/Erth      ##........   7%          2    N/A
c - Stone Arrow           Conj/Erth      ##....       16%         3    N/A
e - Petrify               Tmut/Erth      ##......     43%         4    N/A

Dungeon Overview and Level Annotations

Branches:
Dungeon (4/15)
 Temple: D:4-7

Altars:

Shops:
D:4 [


Innate Abilities, Weirdness & Mutations

You do not eat or drink.
Your flesh is vulnerable to fire.
You are immune to poison.
Your flesh is cold resistant. (rC+)
You are immune to negative energy. (rN+++)
You are immune to unholy pain and torment.
You can survive without breathing.


Message History

The worker ant closely misses you.
The worker ant bites you but does no damage.
You barely miss the worker ant.
The worker ant is moderately wounded.
The worker ant bites you.
You hit the worker ant. You burn the worker ant.
The worker ant is severely wounded.
The worker ant bites you. The worker ant barely misses you.
You sock the worker ant!
You kill the worker ant!
Your Spellcasting skill increases to level 5!
Your Earth Magic skill increases to level 5!
No target in view!
No target in view!
b - 87 stones (gained 14)
Found a scroll labeled RYLEDW BEYF.
There is an entrance to Kier's Armour Emporium here.
r - a scroll labeled RYLEDW BEYF {!r}
f - 4 scrolls labeled ASULAR SEPET {!r} (gained 1)
Found a quarterstaff and a ration.
Found a ration.
An orc comes into view.
Found a stone staircase leading down.
An orc is nearby!
An orc is nearby!
An orc comes into view. It is wielding a hand axe of freezing.
The orc shouts! x2; You hear a shout! x2
The orc moves out of view.
You sock the orc!
You kill the orc!
No target in view!
No target in view!
An orc wizard comes into view. It is wielding a dagger.
Things that are here:
a leather armour; an orc corpse The orc wizard points at you and mumbles some strange words.
The puff of flame hits you! The fire burns you terribly!
Things that are here:
a leather armour; an orc corpse
Casting: Sandblast (safe; 1% risk of failure)
Confirm with . or Enter, or press ? or * to list all spells.
Aiming: Sandblast (safe; 1% risk of failure)
Press: ? - help, Shift-Dir - straight line, f - orc wizard
Aim: an orc wizard, wielding a dagger and wearing a robe The blast of sand hits the orc wizard.
The orc wizard is moderately wounded.
b - 86 stones
Casting: Sandblast (safe; 1% risk of failure)
Confirm with . or Enter, or press ? or * to list all spells.
Aiming: Sandblast (safe; 1% risk of failure)
Press: ? - help, Shift-Dir - straight line, f/p - orc wizard
Aim: an orc wizard, wielding a dagger and wearing a robe (moderately wounded)
The blast of sand hits the orc wizard.
The orc wizard is moderately wounded.
b - 85 stones You closely miss the orc wizard.
The orc wizard is moderately wounded.
The orc wizard gestures at you while chanting.
The magic dart hits you!
An ogre comes into view. It is wielding a giant club.
The orc wizard misses you. The ogre hits you with a giant club!!
Ouch! That really hurt!
You die...

..########.#.#......
#.................###
...######..#...>....
#.....%)....#.....###
#>...####...#.##.##
#.#%.......##.##.#
.....##...# #
##........##.##.#
#..@####........#
#..O.oo.[........
#..######...##### #..
....# #.# ###o## #.
.# ## ##


You could see an ogre, an orc wizard and an orc.

Vanquished Creatures
  The ghost of mhoghedin the Stinger, an amateur NaVM (D:3)
  Crazy Yiuf (D:2)
  Jessica (D:2)
  A worker ant (D:4)
  4 adders
  An ooze (D:2)
  An adder skeleton (D:3)
  A worm (D:3)
  2 dart slugs
  2 leopard geckos
  2 orcs
  3 bats
  5 giant cockroaches
  6 goblins
  8 hobgoblins
  2 jackals (D:1)
  2 frilled lizards (D:1)
  7 kobolds
  6 rats
56 creatures vanquished.

Notes
Turn   | Place    | Note
-------+----------+-------------------------------------------
     0 | D:1      | Amnesiac the Mummy Earth Elementalist began the quest for the Orb.
     0 | D:1      | Reached XP level 1. HP: 13/13 MP: 4/4
   314 | D:1      | Reached XP level 2. HP: 3/19 MP: 2/5
  1376 | D:1      | Reached XP level 3. HP: 16/24 MP: 7/7
  1618 | D:2      | Noticed Jessica
  1624 | D:2      | Learned a level 2 spell: Passwall
  1631 | D:2      | Killed Jessica
  1664 | D:2      | Reached XP level 4. HP: 19/30 MP: 3/9
  1723 | D:2      | Learned a level 4 spell: Petrify
  1729 | D:2      | Learned a level 3 spell: Stone Arrow
  2181 | D:3      | Noticed mhoghedin's ghost (amateur NaVM)
  2590 | D:2      | Found a runed door.
  3195 | D:2      | Noticed Crazy Yiuf
  3200 | D:2      | Killed Crazy Yiuf
  3200 | D:2      | Reached XP level 5. HP: 35/35 MP: 5/11
  3550 | D:3      | Killed mhoghedin's ghost
  3550 | D:3      | Reached XP level 6. HP: 25/41 MP: 7/13
  3891 | D:4      | Found Kier's Armour Emporium.
  3901 | D:4      | Reached skill level 5 in Spellcasting
  3901 | D:4      | Reached skill level 5 in Earth Magic
  3981 | D:4      | Slain by an ogre

Vault maps used:
D:1:      mainiacjoe_arrival_reflecting_pool, st_stairs_4
D:2:      uniq_jessica, uniq_crazy_yiuf_cottage
D:3:      kennysheep_generic_room_8
D:4:      serial_shops, shop, first_ration, minmay_misc_feat_more_columns

Skill      XL: |  1  2  3  4  5  6 |
---------------+-------------------+-----
Spellcasting   | 3 4 5 |  5.0
Earth Magic    | 3 4 5 |  5.0
Dodging        | |  1.5
Stealth        | |  1.5
Transmutations | |  0.7

Action                   |  1- 3 |  4- 6 || total
-------------------------+-------+-------++-------
Melee: Unarmed           |    38 |       ||    38
       Dagger            |    68 |    10 ||    78
       Quarterstaff      |       |    28 ||    28
 Fire: Hunting sling     |       |    70 ||    70
 Cast: Sandblast         |    21 |    25 ||    46
       Passwall          |     1 |       ||     1
 Stab: Sleeping          |     4 |     1 ||     5
Armor: Robe              |    18 |    12 ||    30
Dodge: Dodged            |    69 |    41 ||   110

Table legend:
 A = Spawn XP
 B = Non-spawn XP
 C = Spawn XP percentage of total XP
 D = Spawn monster count
 E = Non-spawn monster count
 F = Spawn count percentage of total count
 G = Total turns spent on level
                    A         B        C        D         E        F      G
               +---------+---------+-------+---------+---------+-------+---------
         Total |       0 |     454 |   0.0 |       0 |      56 |   0.0 |  3981
               +---------+---------+-------+---------+---------+-------+---------
           D:1 |       0 |      41 |   0.0 |       0 |      23 |   0.0 |  1440
           D:2 |       0 |     150 |   0.0 |       0 |      18 |   0.0 |  1681
           D:3 |       0 |     227 |   0.0 |       0 |      13 |   0.0 |   755
           D:4 |       0 |      36 |   0.0 |       0 |       2 |   0.0 |   105
               +---------+---------+-------+---------+---------+-------+---------
